 Dungeon Crawl Stone Soup version 0.24.0-2-g5b39cebb1c (webtiles) character file.

Game seed: 16673274458393442874, levelgen mode: deterministic

16 dembora the Skirmisher (level 2, -1/24 HPs)
             Began as a Demonspawn Abyssal Knight on Oct 29, 2019.
             Was an Initiate of Lugonu.
             Slain by a hobgoblin
             ... wielding a cursed -2 hunting sling
              (2 damage)
             ... on level 1 of the Dungeon.
             The game lasted 00:03:29 (614 turns).

dembora the Skirmisher (Demonspawn Abyssal Knight)   Turns: 614, Time: 00:03:30

Health: -1/24      AC:  3    Str: 12    XL:     2   Next: 41%
Magic:  3/3        EV: 11    Int: 13    God:    Lugonu [......]
Gold:   29         SH:  0    Dex: 14    Spells: 1/1 levels left

rFire    . . .     SeeInvis .   a - +1 mace
rCold    . . .     Gourm    .   (no shield)
rNeg     . . .     Faith    .   b - +0 leather armour
rPois    +         Spirit   .   (no helmet)
rElec    .         Reflect  .   (no cloak)
rCorr    .         Harm     .   (no gloves)
MR       .....                  (no boots)
Stlth    ++........             (no amulet)
HPRegen  0.08/turn              e - ring of poison resistance
MPRegen  0.08/turn              (no ring)

@: no status effects
A: thin skeletal structure 1
a: Renounce Religion


You were on level 1 of the Dungeon.
You worshipped Lugonu.
Lugonu was noncommittal.
You were not hungry.

You visited 1 branch of the dungeon, and saw 1 of its levels.
You visited the Abyss 1 time.

You collected 29 gold pieces.

Inventory:

Hand Weapons
 a - a +1 mace (weapon)
Armour
 b - a +0 leather armour (worn)
Jewellery
 e - a ring of poison resistance (left hand)
Scrolls
 g - a scroll of enchant armour {unknown}
Potions
 f - a potion of brilliance {unknown}
Comestibles
 c - 2 rations
 d - 9 chunks of flesh


   Skills:
 + Level 3.4 Fighting
 + Level 2.1 Maces & Flails
 + Level 1.9 Armour
 + Level 0.9 Dodging
 + Level 2.4 Invocations


You had one spell level left.
You didn't know any spells.
Your spell library was empty.

Dungeon Overview and Level Annotations

Branches:
Dungeon (1/15)

Altars:


Innate Abilities, Weirdness & Mutations

You have a somewhat thin skeletal structure. (Dex +2, Stealth)


Message History

You see here 11 gold pieces.
The hobgoblin shoots a stone.
The stone barely misses you.
The stone hits the hobgoblin but does no damage.
Found 19 arrows.
The hobgoblin shoots a stone.
The stone hits you.
You see here a stone.
The hobgoblin shoots a stone.
The stone barely misses you.
The hobgoblin shoots a stone.
The stone hits you.
The hobgoblin hits you with a cursed -2 hunting sling.
You barely miss the hobgoblin. The hobgoblin hits you.
* * * LOW HITPOINT WARNING * * *
The hobgoblin barely misses you.
You closely miss the hobgoblin. The hobgoblin closely misses you.
The hobgoblin barely misses you.
You hit the hobgoblin.
The hobgoblin is almost dead.
The hobgoblin hits you.
* * * LOW HITPOINT WARNING * * *
The hobgoblin hits you with a cursed -2 hunting sling.
You die...

..........##.....###
.............##........
............##.....###
#.#...#.###.#.....##
#.......# #...#..##
#.......# ##......# ##
#.......# #.#.##.##.#
###....g..# #.#.##^#.#
.......@..# #.#.....#
####...g.#####.####.#.#
#......(..$#.......##.#
#....).....(#.###.### .
#...........#.###.#
#.##....#.......#.# .
.....(###(#)#.#.#
.##....# #.#.#.#.# #
###(.. ..#.....#


You could see 2 hobgoblins.

Vanquished Creatures
  A dart slug (D:1)
  A giant cockroach (D:1)
  2 goblins (D:1)
  3 hobgoblins (D:1)
  3 jackals (D:1)
  A kobold (D:1)
  A rat (D:1)
12 creatures vanquished.

Notes
Turn   | Place    | Note
-------+----------+-------------------------------------------
     0 | Abyss:1  | dembora the Demonspawn Abyssal Knight began the quest for
                  | the Orb.
     0 | Abyss:1  | Reached XP level 1. HP: 18/18 MP: 2/2
   129 | Abyss:1  | Noticed a big kobold
   129 | Abyss:1  | Noticed a kobold demonologist
   130 | D:1      | Escaped the Abyss
   498 | D:1      | Gained mutation: You have a somewhat thin skeletal
                  | structure. (Dex +2, Stealth) [demonic ancestry]
   498 | D:1      | Reached XP level 2. HP: 24/24 MP: 3/3
   614 | D:1      | HP: 1/24 [hobgoblin (4)]
   614 | D:1      | Slain by a hobgoblin

Levels and vault maps discovered:
D:1:      dpeg_arrival_simpleton_c, layout_loops_cross

Skill      XL: |  1 |
---------------+----+-----
Maces & Flails | 2 |  2.1
Fighting       | |  3.4
Armour         | |  1.9
Dodging        | |  0.9
Invocations    | |  2.4

Action                   || total
-------------------------++-------
Melee: Mace              ||    54
Invok: Depart the Abyss  ||     1
Armor: Leather armour    ||    16
Dodge: Dodged            ||    44
